 Dungeon Crawl Stone Soup version 0.20-a0-2-g2b0e13a (console) character file.

786 brucemayne the Cleaver (level 7, -2/53 HPs)
             Began as a Demonspawn Berserker on Oct 29, 2016.
             Was a Believer of Trog.
             Succumbed to an orc wizard's poison
             ... on level 6 of the Dungeon.
             The game lasted 00:06:13 (1319 turns).

brucemayne the Cleaver (Demonspawn Berserker)       Turns: 1319, Time: 00:06:14

Health: -2/53      AC:  9    Str: 16 (19) XL:     7   Next: 56%
Magic:  7/7        EV: 11    Int:  8 (9)  God:    Trog [**....]
Gold:   93         SH:  0    Dex: 11 (12) Spells: 0 memorised, 6 levels left

rFire  . . .     SeeInvis .     r - +0 war axe
rCold  . . .     Gourm    .     s - +0 ring mail
rNeg   . . .     Faith    .     (no shield)
rPois  .         Spirit   .     q - +2 helmet
rElec  .         Reflect  .     (no cloak)
rCorr  .         Harm     .     (no gloves)
MR     .....                    (no boots)
Stlth  ..........               (no amulet)
                                (no ring)
                                (no ring)

@: lethally poisoned (-2 -> -32), exhausted, very slightly contaminated, slowed,
very slow
A: hooves 2, rugged brown scales 1
a: Berserk, Trog's Hand, Burn Spellbooks, Renounce Religion


You were on level 6 of the Dungeon.
You worshipped Trog.
Trog was pleased with you.
You were very hungry.

You visited 2 branches of the dungeon, and saw 7 of its levels.

You collected 93 gold pieces.

Inventory:

Hand Weapons
 a - a +0 hand axe
 r - a +0 war axe (weapon)
Armour
 b - a +0 animal skin
 h - a +0 leather armour
 p - a +2 large shield
 q - a +2 helmet (worn)
 s - a +0 ring mail (worn)
Scrolls
 d - 5 scrolls of identify {unknown}
 j - a scroll of enchant weapon {unknown}
 k - a scroll of immolation {unknown}
 l - a scroll of random uselessness {unknown}
 n - a scroll of enchant armour {unknown}
 o - 2 scrolls of remove curse {unknown}
Books
 u - a book of Callings

   Spells                             Type                      Level
   a - Summon Small Mammal            Summoning                    1
   b - Call Imp                       Summoning                    2
   c - Call Canine Familiar           Summoning                    3
   d - Summon Guardian Golem          Hexes/Summoning              3
   e - Summon Lightning Spire         Summoning/Air                4
   f - Summon Ice Beast               Ice/Summoning                4
   Trog disapproves of the use of such an item.
Comestibles
 f - a fruit
 m - a meat ration


   Skills:
 - Level 3.0 Fighting
 + Level 8.3 Axes
 - Level 1.7 Armour
 - Level 1.7 Dodging


You had 6 spell levels left.
You didn't know any spells.

Dungeon Overview and Level Annotations

Branches:
Dungeon (6/15)             Temple (1/1) D:4

Altars:
Ashenzari
Cheibriados
Dithmenos
Elyvilon
Fedhas
Gozag
Hepliaklqana
Kikubaaqudgha
Makhleb
Nemelex Xobeh
Okawaru
Qazlal
Ru
Sif Muna
Trog
Uskayaw
Vehumet
Xom
Yredelemnul
Zin
The Shining One


Innate Abilities, Weirdness & Mutations

You have hoof-like feet.
You are partially covered in rugged brown scales. (AC +1, +3% HP)


Message History

* * * LOW HITPOINT WARNING * * *
You are more poisoned.
You aren't carrying any potions.
Unknown command.
Okay, then.
You aren't carrying any items that you can evoke.
Unknown command.
You closely miss the orc wizard.
The orc wizard is moderately wounded.
* * * LOW HITPOINT WARNING * * *
You feel very sick.
An orc wizard appears from thin air!
Reactivating autopickup.
The orc wizard closely misses you.
The orc wizard hits you but does no damage.
You are more poisoned.
The orc wizard barely misses you.
You slash the orc wizard!
The orc wizard is almost dead.
You die...

##.###....[..#####
..................
.......)>)..#####
##..#............##.#
................$....
.##.#...)..)...### .
##########o# #..o##
.#.####.#@#
..........# #
##.####.### # #.# #.#
###.####.###
#..........#
#.#.####.#.# ##.#
#...####.....


You could see 2 orc wizards.

Vanquished Creatures
  Menkaure (D:5)
  An orc warrior (D:6)
  An ogre (D:4)
  A bullfrog (D:5)
  2 crimson imps
  2 orc priests (D:6)
  An orc wizard (D:6)
  2 iguanas (D:6)
  A centaur skeleton (D:5)
  A worker ant (D:4)
  A hound skeleton (D:5)
  Robin (D:4)
  3 gnolls (D:3)
  4 adders
  2 shadow imps
  A dart slug (D:2)
  A leopard gecko (D:5)
  9 orcs
  2 giant cockroaches (D:4)
  9 goblins (D:4)
  2 hobgoblins (D:4)
  2 bats
  3 kobolds
  2 rats (D:3)
55 creatures vanquished.

Vanquished Creatures (others)
  An orc wizard (D:6)
1 creature vanquished.

Grand Total: 56 creatures vanquished

Notes
Turn   | Place    | Note
-------+----------+-------------------------------------------
     0 | D:1      | brucemayne the Demonspawn Berserker began the quest for the Orb.
     0 | D:1      | Reached XP level 1. HP: 18/18 MP: 1/1
    43 | D:2      | Reached skill level 3 in Axes
    44 | D:2      | Gained mutation: You are partially covered in rugged brown scales. (AC +1, +3% HP) [demonic ancestry]
    44 | D:2      | Reached XP level 2. HP: 15/24 MP: 2/2
   265 | D:3      | Reached XP level 3. HP: 29/29 MP: 3/3
   266 | D:3      | Reached skill level 4 in Axes
   323 | D:3      | Found an iron altar of Okawaru.
   362 | D:5      | Entered Level 5 of the Dungeon
   387 | D:6      | Noticed a bullfrog
   387 | D:6      | Noticed an orc warrior
   401 | D:5      | Killed a bullfrog
   401 | D:5      | Reached skill level 5 in Axes
   401 | D:5      | Gained mutation: You have large cloven feet. [demonic ancestry]
   401 | D:5      | Reached XP level 4. HP: 36/36 MP: 4/4
   532 | D:5      | Gained mutation: You have hoof-like feet. [demonic ancestry]
   532 | D:5      | Reached XP level 5. HP: 15/42 MP: 5/5
   573 | D:5      | Noticed Menkaure
   580 | D:5      | Killed Menkaure
   580 | D:5      | Reached skill level 6 in Axes
   580 | D:5      | Reached XP level 6. HP: 12/48 MP: 6/6
   858 | D:4      | Reached skill level 7 in Axes
   880 | D:4      | Found a staircase to the Ecumenical Temple.
   913 | Temple   | Entered the Ecumenical Temple
  1004 | D:4      | Noticed Robin
  1007 | D:4      | Reached ** piety under Trog
  1034 | D:4      | Killed Robin
  1034 | D:4      | Reached XP level 7. HP: 41/53 MP: 7/7
  1275 | D:6      | Reached skill level 8 in Axes
  1318 | D:6      | HP: 1/53 [poisoned by an orc wizard]
  1319 | D:6      | Succumbed to an orc wizard's poison

Vault maps used:
D:1:      doesnt_arrival_goblin_jail
D:2:      first_bread
D:3:      minmay_diamond_boxcup, okawaru_gym_becter
D:4:      uniq_robin
D:5:      uniq_menkaure
D:6:      roderic_st_hans_cross
Temple:   kilobyte_greek_temple

Skill      XL: |  1  2  3  4  5  6  7 |
---------------+----------------------+-----
Axes           | 3 5 6 7 8 |  8.3
Fighting       | |  3.0
Armour         | |  1.7
Dodging        | |  1.7

Action                   |  1- 3 |  4- 6 |  7- 9 || total
-------------------------+-------+-------+-------++-------
Melee: Hand axe          |    36 |   102 |     1 ||   139
       Kick              |       |    20 |     6 ||    26
       War axe           |       |       |    41 ||    41
Invok: Berserk           |     3 |     6 |     2 ||    11
       Trog's Hand       |       |     1 |     2 ||     3
  Use: Potion            |       |       |     5 ||     5
 Stab: Invisible         |       |       |     4 ||     4
  Eat: Chunk             |       |     2 |     4 ||     6
       Fruit             |       |     2 |       ||     2
       Bread ration      |       |     1 |       ||     1
Armor: Animal skin       |     2 |       |       ||     2
       Leather armour    |    12 |    21 |     4 ||    37
       Ring mail         |       |       |    24 ||    24
Dodge: Dodged            |    34 |    57 |    65 ||   156
